Map: Acropolis LE

Players

FeverNight - Winner!

  • Race: Zerg Zerg
  • League: Platinum
  • Spawn Location: 5:00

pHARM

  • Race: Zerg Zerg
  • League: Platinum
  • Spawn Location: 11:00

VOD

Have the link to the VOD?

Description

Time

  • Played on: Aug. 4, 2019, 5:18 p.m.
  • Length: 7:06
Show
View Real Time Build Order
Export as new Build Order

FeverNight Zerg - Winner!

Build Orders: Pool First 

Get SALT Encoding   

  12  0:01  Drone  
  13  0:09  Drone  
  14  0:16  Overlord  
  14  0:23  Extractor  
  14  0:24  Drone  
  15  0:35  Drone x2  
  17  0:40  Extractor  
  16  0:50  Spawning Pool  
  16  0:51  Drone  
  16  1:15  Hatchery  
  15  1:19  Drone  
  15  1:22  Drone  
  17  1:28  Drone  
  18  1:40  Queen  
  20  1:47  Metabolic Boost  
  20  1:50  Zergling x2  
  21  1:56  Overlord  
  21  2:03  Zergling x2  
  22  2:16  Zergling x4  
  24  2:23  Queen  
  24  2:26  Drone  
  24  2:28  Drone  
  28  2:41  Zergling x4  
  30  2:59  Drone x4  
  30  3:00  Drone  
  35  3:07  Drone  
  35  3:08  Overlord  
  31  3:31  Drone x6  
  31  3:32  Drone  
  38  3:42  Lair  
  38  3:49  Extractor  
  38  3:53  Zergling x2  
  38  3:54  Zergling x8  
  42  4:02  Spine Crawler  
  41  4:05  Spine Crawler  
  41  4:08  Zergling x2  
  41  4:09  Overlord x2, Zergling x4  
  37  4:28  Zergling x2  
  37  4:29  Zergling x12  
  35  4:34  Queen  
  34  4:43  Zergling x2  
  34  4:44  Zergling x6  
  38  4:54  Zergling x2  
  38  4:55  Zergling x2  
  40  5:21  Drone  
  40  5:22  Drone x8  
  48  5:32  Hydralisk Den  
  48  5:35  Zergling x4  
  40  6:21  Hydralisk x5  
  40  6:22  Hydralisk x2  
  39  6:41  Zergling x2  
  39  6:42  Zergling x4  
Show
View Real Time Build Order
Export as new Build Order

pHARM Zerg 

Build Orders: Hatch First 

Get SALT Encoding   

  12  0:00  Drone  
  13  0:12  Drone  
  14  0:17  Overlord  
  14  0:23  Extractor  
  14  0:24  Drone  
  15  0:38  Drone  
  15  0:39  Drone  
  17  1:00  Hatchery  
  16  1:07  Drone  
  16  1:11  Drone  
  18  1:16  Drone  
  19  1:26  Spawning Pool  
  19  1:28  Drone  
  19  1:30  Drone  
  20  1:57  Overlord, Extractor  
  19  2:05  Drone  
  19  2:06  Drone  
  21  2:14  Queen x2  
  25  2:36  Drone x5  
  25  2:37  Drone  
  31  2:40  Spine Crawler  
  30  2:56  Overlord  
  30  2:58  Zergling x4  
  32  3:09  Zergling x2  
  32  3:10  Zergling x4  
  35  3:24  Zergling x2  
  35  3:25  Zergling x14  
  41  3:31  Queen  
  42  3:34  Lair  
  42  3:50  Drone  
  42  3:52  Overlord x2  
  42  3:53  Baneling Nest  
  34  4:31  Zergling x2  
  34  4:32  Zergling x14  
  38  4:41  Zergling x8  
  42  4:57  Baneling  
  42  4:59  Baneling  
  41  5:21  Zergling x22  
  44  5:25  Metabolic Boost  
  52  5:36  Zergling x2  
  52  5:37  Zergling x10  
  49  6:01  Baneling x9  
  49  6:02  Baneling x2  
  47  6:06  Zergling x18  
  47  6:07  Zergling x2  
  47  6:10  Zergling x2  
  48  6:32  Zergling x2  
  48  6:33  Zergling x6  
Tags
 
Matchup
ZvZ
Race
Zerg
Replay Pack
10.7.19
Spawn Locations
Cross Positions
Add a new tag
Caveats
  • Supply blocks, unpowered buildings, or Contaminate may cause inaccurate times.
  • Supply counts are checked every 10 seconds.